 Dungeon Crawl Stone Soup version 0.23-a0-635-g88ca12a (webtiles) character file.

5 Matador8 the Sneak (level 1, 0/13 HPs)
             Began as a Vampire Enchanter on Dec 27, 2018.
             Slain by a jackal (2 damage)
             ... on level 1 of the Dungeon.
             The game lasted 00:00:49 (105 turns).

Matador8 the Sneak (Vampire Enchanter)               Turns: 105, Time: 00:00:50

Health: 0/13       AC:  2    Str:  7    XL:     1   Next: 66%
Magic:  1/3        EV: 12    Int: 17    God:
Gold:   28         SH:  0    Dex: 14    Spells: 3/4 levels left

rFire    . . .     SeeInvis +   a - +1 dagger
rCold    . . .     Gourm    .   (no shield)
rNeg     + . .     Faith    .   b - +0 robe
rPois    .         Spirit   .   (no helmet)
rElec    .         Reflect  .   (no cloak)
rCorr    .         Harm     .   (no gloves)
MR       .....                  (no boots)
Stlth    +++.......             (no amulet)
HPRegen  0.04/turn              (no ring)
MPRegen  0.08/turn              (no ring)

@: no status effects
A: fangs 3, see invisible, unbreathing
a: no special abilities


You were on level 1 of the Dungeon.
You were not thirsty.

You visited 1 branch of the dungeon, and saw 1 of its levels.

You collected 28 gold pieces.

Inventory:

Hand Weapons
 a - a +1 dagger (weapon)
Armour
 b - a +0 robe (worn)
Potions
 d - 3 potions of blood


   Skills:
 + Level 1.3 Short Blades
 - Level 2.2 Dodging
 + Level 4.6 Stealth
 - Level 2.0 Spellcasting
 + Level 4.6 Hexes


You had 3 spell levels left.
You knew the following spells:

 Your Spells              Type           Power        Failure   Level  Hunger
a - Corona                Hex            ###....      3%          1    #......

Your spell library contained the following spells:

 Spells                   Type           Power        Failure   Level  Hunger
 Confuse                  Hex            ###.....     9%          3    ###....
 Tukima's Dance           Hex            ###.....     9%          3    ###....
 Ensorcelled Hibernation  Hex/Ice        #.....       12%         2    ###....
 Dazzling Spray           Conj/Hex       #.....       22%         3    ###....


Dungeon Overview and Level Annotations

Branches:
Dungeon (1/15)

Altars:


Innate Abilities, Weirdness & Mutations

You have razor-sharp teeth.
You have supernaturally acute eyesight. (SInv)
You can survive without breathing.


Message History

Casting: Corona (safe; 3% risk of failure)
Confirm with . or Enter, or press ? or * to list all spells.
Aiming: Corona (safe; 3% risk of failure)
Press: ? - help, Shift-Dir - straight line, f - jackal
Aim: a jackal (chance to defeat MR: 71%)
The jackal barely resists.
The jackal closely misses you.
Casting: Corona (safe; 3% risk of failure)
Confirm with . or Enter, or press ? or * to list all spells.
Aiming: Corona (safe; 3% risk of failure)
Press: ? - help, Shift-Dir - straight line, f/p - jackal
Aim: a jackal (chance to defeat MR: 71%)
The jackal is outlined in light.
The jackal closely misses you.
The jackal bites you but does no damage.
You closely miss the jackal. The jackal closely misses you.
You hit the jackal but do no damage. Your bite misses the jackal.
The jackal bites you but does no damage.
You hit the jackal but do no damage.
The jackal bites you but does no damage.
The jackal bites you.
You die...

##### ##...## #######
##.....## #.....###
#.......###.#.#.#.##
#......@...........#
#......h#####.#.#>###
##.....### #........#
#........# ##.#.#.#.#
#.##.###.# #...)....#
# #.###.#
##.#.#.#.###. #...#.#
#.##......... #...#.#
#.###[##.#### #...#.#
#........#


You could see a jackal.

Vanquished Creatures
  2 jackals (D:1)
  2 kobolds (D:1)
  A rat (D:1)
5 creatures vanquished.

Notes
Turn   | Place    | Note
-------+----------+-------------------------------------------
     0 | D:1      | Matador8 the Vampire Enchanter began the quest for the Orb.
     0 | D:1      | Reached XP level 1. HP: 13/13 MP: 3/3
   105 | D:1      | Slain by a jackal

Vault maps used:
D:1:      lemuel_arrival_behind_the_door_small, st_stairs_8

Action                   || total
-------------------------++-------
Melee: Dagger            ||    16
 Cast: Corona            ||     4
 Stab: Sleeping          ||     3
Armor: Robe              ||     4
Dodge: Dodged            ||     9

Table legend:
 A = Non-vault XP
 B = Vault XP
 C = Vault XP percentage of total XP
 D = Non-vault monster count
 E = Vault monster count
 F = Vault count percentage of total count
                 A         B        C        D         E       F
            +---------+---------+-------+---------+---------+-------
      Total |       7 |       1 |  12.5 |       4 |       1 |  20.0
            +---------+---------+-------+---------+---------+-------
        D:1 |       7 |       1 |  12.5 |       4 |       1 |  20.0
            +---------+---------+-------+---------+---------+-------
